[Event "German Bundesliga 2023-24"]
[Site "Germany"]
[Date "2024.03.16"]
[Round "12.5"]
[White "Smeets, Jan"]
[Black "Lokander, Martin"]
[Result "1/2-1/2"]
[ECO "C70"]
[WhiteElo "2535"]
[BlackElo "2462"]
[Annotator "TA"]
[PlyCount "68"]
[EventDate "2023.10.20"]
[EventType "team-tourn"]
[EventCountry "GER"]
[SourceTitle "playchess.com"]
[Source "ChessBase"]
[SourceQuality "1"]
[TimeControl "40/6000+30:3000+30"]

1. e4 e5 2. Nf3 Nc6 3. Bb5 a6 4. Ba4 f5 5. d4 exd4 6. e5 (6. Nxd4 Nxd4 7. Qxd4 b5 $11) (6. exf5 Qe7+ 7. Kf1 b5 $11) 6... b5 7. Bb3 {[%emt 0:00:05][%cal Oe1g1][%mdl 1024] White has strong compensation.} Bb7 8. a4 {[%emt 0:19:56] White is more active. White is better.} (8. Nxd4 $2 {loses.} Nxd4 9. Qxd4 c5 $19) 8... Na5 9. Ba2 c5 10. b4 Nc6 (10... cxb4 $11 11. axb5 (11. Qxd4 Bxf3 12. gxf3 Rc8 $15) 11... Bc5) 11. bxc5 $16 Bxc5 12. O-O Qb6 13. Nbd2 Nb4 14. Nb3 {[%emt 0:06:36] [#] aiming for Nxc5.} Nxa2 15. Rxa2 Ne7 16. axb5 ({Don't play} 16. Nfxd4 b4 $11) 16... axb5 17. Rxa8+ Bxa8 18. Nxc5 Qxc5 19. Qxd4 Qxd4 20. Nxd4 b4 21. Bg5 {[%emt 0:07:13] Strongly threatening Ra1.} Kf7 22. Bxe7 Kxe7 $14 {[%emt 0:00:05][%mdl 4096] Endgame. KRB-KRN} 23. Rb1 Rb8 24. c3 Be4 (24... Rc8 $11 {remains equal.}) 25. Rxb4 $16 Rc8 (25... Ra8 $16 26. f3 Bd3) 26. f3 $18 Bd5 27. Nxf5+ Ke6 28. Ne3 (28. Nxg7+ $18 Kxe5 29. f4+ Kf6 30. Nh5+ Kf7 31. Rb5) 28... Rxc3 $16 29. Kf2 Kxe5 {[%emt 0:12:52] [#]} 30. Rb5 (30. Rg4 $1 $16 Be6 31. Rxg7) 30... Rd3 $11 {[%emt 0:00:04] The position is equal.} 31. Ke2 Rd4 32. Ra5 Ke6 33. Nxd5 Rxd5 34. Ra8 Rb5 {[%emt 0:00:32] Weighted Error Value: White=0.13 (very precise) /Black=0.15 (very precise) .  Mistake:       	White=2     	Black=3      Inaccurate:     	White=2     	---        OK:         	White=11    	Black=9      Best:        	White=4     	Black=4} 1/2-1/2

[Event "German Bundesliga 2023-24"]
[Site "Germany"]
[Date "2024.03.16"]
[Round "12.5"]
[White "Dgebuadze, Alexandre"]
[Black "Kramer, Julian"]
[Result "1/2-1/2"]
[ECO "C16"]
[WhiteElo "2441"]
[BlackElo "2470"]
[Annotator "TA"]
[PlyCount "85"]
[EventDate "2023.10.20"]
[EventType "team-tourn"]
[EventCountry "GER"]
[SourceTitle "playchess.com"]
[Source "ChessBase"]
[SourceQuality "1"]
[TimeControl "40/6000+30:3000+30"]

1. e4 e6 2. d4 d5 3. Nc3 Bb4 4. e5 b6 5. Qg4 g6 6. h4 h5 7. Qd1 Ba6 8. Bxa6 {[%emt 0:05:24] White is slightly better.} Nxa6 9. Qd3 Qc8 10. Nge2 Nh6 11. Bg5 Nf5 12. Bf6 Rg8 (12... Bxc3+ 13. bxc3 (13. Nxc3 Rh7 $16) 13... Rh7 14. f3 $16) 13. a3 {[%emt 0:06:25] Wards off c5} Be7 14. Bxe7 Kxe7 15. Ng3 (15. Qd2 $14) 15... c5 $11 16. Nb5 {[%emt 0:05:38] Strongly threatening Nxf5+.} Qc6 17. Nd6 Nc7 $132 {[%emt 0:03:55][%mdl 2048] Black is not keeping still} 18. Ngxf5+ (18. Ndxf5+ $11 exf5 19. Ne2) 18... gxf5 $15 19. O-O-O c4 ({Better is} 19... Rxg2 $17 {And now ...cxd4 would win.} 20. Qe2 Ne8 (20... Rg4 21. f3 $17) 21. Nxe8 Rxe8 22. Qxh5 cxd4) 20. Qe2 Rg4 $1 21. f3 Rg6 (21... Rg3 $11) 22. g4 $1 $16 {[%emt 0:00:38] White is much more active.} hxg4 (22... fxg4 $16 {was necessary.} 23. fxg4 Rxg4) 23. h5 $18 gxf3 24. Qxf3 Rh6 25. Qf4 Rh7 26. Qg5+ Kd7 {[%emt 0:00:23] [#]} 27. Nxf5 $1 {[%emt 0:00:50][%mdl 512] Hoping for Qe7+.} Rah8 {[%emt 0:00:03] Black is weak on the dark squares} (27... Re8 28. Nh6) 28. Qe7+ Kc8 29. Nd6+ Kb8 30. Rdg1 c3 $2 (30... Nb5 31. Nxb5 (31. Nxf7 c3 $11) 31... Qxb5) 31. b3 $2 (31. Nxf7 cxb2+ 32. Kxb2 Rc8 $11) (31. Rh3 cxb2+ 32. Kxb2) 31... Nb5 32. Nxb5 (32. Nxf7 Nxd4 33. Rf1 Rg8 $11) 32... Qxb5 33. Kb1 (33. Qd6+ Kb7 $11) 33... Qe2 34. Qd6+ Kb7 (34... Ka8 $16) 35. Qd7+ Kb8 36. Qd6+ Kb7 37. Qd7+ $2 (37. h6 $16) 37... Kb8 $1 38. Rh3 Rg7 {[%emt 0:01:11] [#]} 39. Qd6+ (39. Rxg7 $2 Qd1+ (39... Rxh5 40. Rg8#) 40. Ka2 Qxc2+ 41. Ka1 Qb2#) (39. Rc1 $1 $18) 39... Kb7 $16 40. Qd7+ (40. Rxg7 $2 Qd1+ (40... Rxh5 41. Qd7+ Ka6 42. Qa4+ Kb7 43. Rxf7+ Kc8 44. Qe8#) 41. Ka2 Qxc2+ 42. Ka1 Qb2#) (40. Qe7+ $16 Ka8 41. Rc1 (41. Rxg7 $2 Qd1+ 42. Ka2 Qxc2+ 43. Ka1 Qb2#)) 40... Kb8 $1 $18 41. Qd6+ (41. Rxg7 $2 Qd1+ (41... Rxh5 42. Rg8#) 42. Ka2 Qxc2+ 43. Ka1 Qb2#) 41... Kb7 42. Qd7+ (42. Rxg7 $2 {leads to mate.} Qd1+ (42... Rxh5 43. Qd7+ Ka6 44. Qa4+ Kb7 45. Rxf7+ Kc8 46. Qe8#) 43. Ka2 Qxc2+ 44. Ka1 Qb2#) 42... Kb8 $1 43. Qd6+ $2 {[%emt 0:32:58] Weighted Error Value: White=0.53/Black=0.28 (precise) .  Mistake:       	White=7     	Black=5      Inaccurate:     	White=6     	Black=1      OK:         	White=10    	Black=9      Best:        	White=3     	Black=5      Strong:       	White=1     	Black=4} (43. Rxg7 $2 {is a self mate.} Qd1+ (43... Rxh5 44. Rg8#) 44. Ka2 Qxc2+ 45. Ka1 Qb2#) (43. Rc1 $16) 1/2-1/2

[Event "German Bundesliga 2023-24"]
[Site "Germany"]
[Date "2024.03.16"]
[Round "12.6"]
[White "Boensch, Uwe"]
[Black "Wagner, Dennis"]
[Result "1/2-1/2"]
[ECO "D85"]
[WhiteElo "2456"]
[BlackElo "2599"]
[Annotator "TA"]
[PlyCount "58"]
[EventDate "2023.10.20"]
[EventType "team-tourn"]
[EventCountry "GER"]
[SourceTitle "playchess.com"]
[Source "ChessBase"]
[SourceQuality "1"]
[TimeControl "40/6000+30:3000+30"]

1. d4 Nf6 2. c4 g6 3. Nc3 d5 4. cxd5 Nxd5 5. e4 Nxc3 6. bxc3 Bg7 7. Be3 c5 8. Qd2 O-O 9. Nf3 Bg4 10. Ng5 Qa5 11. Rc1 cxd4 12. cxd4 Qxd2+ 13. Kxd2 Nc6 {[%emt 0:01:49] Die Stellung ist ausgeglichen.} 14. h3 Bc8 15. d5 Rd8 $1 16. Kc2 Na5 17. Kb1 h6 18. Nf3 e6 19. Bf4 {[%emt 0:01:14] [#] Schwarz muss nun Bc7 beachten.} b6 (19... exd5 $5 20. Bc7 dxe4 21. Bxd8 Nc6 $15) 20. Bc7 Bb7 21. Bxd8 Rxd8 22. Bb5 exd5 23. Rhd1 a6 24. Bf1 d4 25. Bd3 Nc6 {[%emt 0:00:39] [#]} (25... Bc6 $14) 26. a3 {[%emt 0:01:20] Weiß steht aktiver.} (26. Bc4 $1 $16) 26... Bf8 27. Kb2 Bc5 28. Ne1 Ne5 29. f3 g5 {[%emt 0:00:37] Gewichteter Fehlerwert: Weiß=0.12 (sehr präzise) /Schwarz=0.11 (sehr präzise) .  Fehler:       	Weiß=1     	Schwarz=1     Ungenau:       	Weiß=2     	Schwarz=4     OK:         	Weiß=7     	Schwarz=7     Bester:       	Weiß=2     	---        Stark:        	---       	Schwarz=1} 1/2-1/2

[Event "German Bundesliga 2023-24"]
[Site "Germany"]
[Date "2024.03.16"]
[Round "12.6"]
[White "Ftacnik, Lubomir"]
[Black "Vandenbussche, Thibaut"]
[Result "1/2-1/2"]
[ECO "A13"]
[WhiteElo "2455"]
[BlackElo "2434"]
[Annotator "TA"]
[PlyCount "67"]
[EventDate "2023.10.20"]
[EventType "team-tourn"]
[EventCountry "GER"]
[SourceTitle "playchess.com"]
[Source "ChessBase"]
[SourceQuality "1"]
[TimeControl "40/6000+30:3000+30"]

1. c4 e6 2. Nf3 d5 3. g3 Nd7 4. b3 Ngf6 5. Bg2 Bd6 6. O-O O-O 7. Nc3 c6 8. Bb2 Qe7 9. Qc2 Ne5 (9... e5 $11) 10. Nxe5 $14 Bxe5 11. Rad1 {[%emt 0:01:09] Weiß steht etwas besser.} d4 12. Na4 Nd7 13. e3 dxe3 14. dxe3 {[%emt 0:06:01][%cal Od1d7] [#] Rxd7! wäre nun fies.} Bxb2 {[%emt 0:00:02] Die Stellung ist ausgeglichen.} 15. Qxb2 e5 {[%emt 0:00:58] Pariert Qd4.} 16. Qd2 Nb6 17. Nc3 Bg4 {[%emt 0:01:30][%cal Oa8d8] [#] Weiss muss nun ...Rad8! beachten.} 18. Qd6 Qxd6 19. Rxd6 Rad8 20. Ne4 Nc8 21. Rxd8 Rxd8 22. h3 Bf5 23. Nc5 b6 24. g4 bxc5 25. gxf5 $11 {[%emt 0:00:07][%mdl 4096] Endspiel. KRB-KRN} Ne7 26. Rb1 a5 27. a3 Kf8 28. Be4 g6 29. f6 Ng8 30. Bxc6 Nxf6 31. b4 axb4 32. axb4 cxb4 33. Rxb4 Ke7 34. Rb7+ {[%emt 0:06:27] Gewichteter Fehlerwert: Weiß=0.06 (makellos) /Schwarz=0.06 (makellos) .  Fehler:       	---       	Schwarz=1     Ungenau:       	Weiß=2     	---        OK:         	Weiß=12    	Schwarz=12    Bester:       	---       	Schwarz=1} 1/2-1/2

[Event "German Bundesliga 2023-24"]
[Site "Germany"]
[Date "2024.03.16"]
[Round "12.6"]
[White "Kurmann, Oliver"]
[Black "Nikolic, Predrag"]
[Result "1/2-1/2"]
[ECO "B06"]
[WhiteElo "2424"]
[BlackElo "2531"]
[Annotator "TA"]
[PlyCount "82"]
[EventDate "2023.10.20"]
[EventType "team-tourn"]
[EventCountry "GER"]
[SourceTitle "playchess.com"]
[Source "ChessBase"]
[SourceQuality "1"]
[TimeControl "40/6000+30:3000+30"]

1. e4 c6 2. Nf3 g6 3. d4 Bg7 4. h3 d6 5. Bd3 Nf6 6. O-O O-O 7. Re1 Nbd7 8. Nbd2 {[%emt 0:06:35] White is slightly better.} b5 9. c3 Nb6 10. Nf1 a6 11. Ng3 Qc7 12. Be3 c5 13. Qd2 e5 14. Bh6 Ne8 15. Bxg7 Nxg7 16. Rad1 Be6 17. Bb1 f6 18. Nh2 Rad8 19. b3 c4 20. b4 d5 21. exd5 Nxd5 (21... Bxd5 {is more complex.} 22. dxe5 Bf3 23. Nxf3 Rxd2 24. Rxd2 Rd8) 22. Nf3 Nf4 23. Qe3 Bd5 24. dxe5 fxe5 25. Ne4 (25. Be4 $11) 25... Nf5 $17 26. Qc1 Nd6 (26... Qg7 $17 {[%cal Og6g5] And now ...g5! would win.} 27. Kh2 Qh6) 27. Qe3 $1 $11 (27. Nxe5 Rde8 28. Nc5 (28. Nxd6 $2 Qxd6 29. Ng4 Rxe1+ 30. Rxe1 Bxg2 $19) 28... Qd8 $15 (28... Bxg2 29. Ncd7 $11)) 27... Nf5 (27... Bxe4 $11 28. Bxe4 Nxe4 29. Rxd8 (29. Qxe4 Nd3 $15) 29... Qxd8 30. Qxe4 Qd3) 28. Qc1 $1 $15 Kg7 29. g3 (29. Bc2 $15) 29... Nd3 (29... Nxh3+ $17 30. Kg2 Qc8 31. Rxd5 Rxd5) 30. Bxd3 $11 cxd3 31. Nc5 {[%emt 0:04:52] Excellent horsemanship.} Nxg3 (31... Bxf3 $2 32. Ne6+ (32. Rxd3 $2 Qc6 $19) 32... Kf6 33. Nxc7 $18) 32. Rxd3 (32. Ng5 $2 Ne2+ (32... Rxf2 $2 33. Kxf2 Rf8+ 34. Kg1 $18) 33. Rxe2 dxe2 $19) 32... Qf7 33. fxg3 (33. Nxe5 $2 Qxf2#) (33. Qe3 {feels hotter.} Bxf3 34. Qxe5+ Kg8 35. Rxd8 Rxd8 36. fxg3 Qxa2 37. Qe6+) 33... Bxf3 34. Rxd8 Rxd8 35. Qe3 {[%emt 0:00:33] [#] Rf1 is the strong threat.} Kg8 36. Rf1 (36. Nxa6 e4 37. Qb6 Rc8 $17) (36. Qxe5 {simplifies} Qxa2 37. Qe6+ Qxe6 38. Rxe6 Rd2 39. Re3) 36... Rf8 $1 37. Qxe5 ({And not} 37. Nxa6 e4 38. Nc5 Qxa2 $17) 37... Qxa2 {[%emt 0:00:37][%csl Gf3][%cal Ra2g2] The position is equal.} 38. Qe6+ Qxe6 39. Nxe6 Re8 40. Rxf3 Rxe6 41. Kf2 Kg7 {[%emt 0:05:29] Weighted Error Value: White=0.11 (very precise) /Black=0.16 (very precise) .  Mistake:       	White=2     	Black=3      Inaccurate:     	White=3     	Black=3      OK:         	White=11    	Black=15     Best:        	White=1     	Black=2      Strong:       	White=2     	Black=1} 1/2-1/2

[Event "German Bundesliga 2023-24"]
[Site "Germany"]
[Date "2024.03.16"]
[Round "12.7"]
[White "Braun, Arik"]
[Black "Wong, Gengchun"]
[Result "1/2-1/2"]
[ECO "D11"]
[WhiteElo "2588"]
[BlackElo "2252"]
[Annotator "TA"]
[PlyCount "56"]
[EventDate "2023.10.20"]
[EventType "team-tourn"]
[EventCountry "GER"]
[SourceTitle "playchess.com"]
[Source "ChessBase"]
[SourceQuality "1"]
[TimeControl "40/6000+30:3000+30"]

1. d4 d5 2. c4 c6 3. Nf3 Nf6 4. e3 Bg4 5. h3 Bh5 6. Nc3 e6 7. g4 Bg6 8. Ne5 Nbd7 9. h4 {[%emt 0:15:27] [#] Droht Nxd7 und aus.} dxc4 $1 {[%emt 0:10:30] Und ...Nxe5 würde nun gewinnen.} 10. Nxc4 {[%emt 0:09:44] Die Stellung ist ausgeglichen.} h5 11. g5 Nd5 12. Bg2 b5 {[%emt 0:26:16] [#] Zielt auf ...Nxc3 ab.} 13. Nd2 Rc8 14. O-O Be7 15. Ne2 e5 16. e4 Nb4 17. Nb3 exd4 18. a3 {[%emt 0:06:08] Pariert c5.} ({Bloß nicht} 18. Nexd4 Ne5 $14) 18... d3 19. axb4 dxe2 20. Qxe2 {[%emt 0:00:04] Und jetzt Bf4 wäre schön.} Bxb4 21. Rd1 Qc7 {[%emt 0:02:22] Es drohte Bf4} 22. Bh3 Rd8 23. Bd2 {[%emt 0:01:06] Weiß hat aktiveres Spiel.} Be7 24. Be3 Nb6 $1 25. Rxd8+ Bxd8 26. Bc5 {[%emt 0:05:03] e5 wäre nun fies.} (26. f4 $5) 26... Be7 $1 27. Bxe7 Qxe7 28. Nd4 Qc5 {[%emt 0:02:28] Gewichteter Fehlerwert: Weiß=0.07 (makellos) /Schwarz=0.06 (makellos) .  Ungenau:       	Weiß=3     	Schwarz=5     OK:         	Weiß=5     	Schwarz=9     Bester:       	Weiß=2     	Schwarz=1     Stark:        	---       	Schwarz=3} 1/2-1/2

[Event "German Bundesliga 2023-24"]
[Site "Germany"]
[Date "2024.03.16"]
[Round "12.7"]
[White "Naumann, Alexander"]
[Black "Lindgren, Philip"]
[Result "1/2-1/2"]
[ECO "E18"]
[WhiteElo "2498"]
[BlackElo "2395"]
[Annotator "TA"]
[PlyCount "95"]
[EventDate "2023.10.20"]
[EventType "team-tourn"]
[EventCountry "GER"]
[SourceTitle "playchess.com"]
[Source "ChessBase"]
[SourceQuality "1"]
[TimeControl "40/6000+30:3000+30"]

1. c4 Nf6 2. Nf3 e6 3. g3 d5 4. Bg2 Be7 5. d4 O-O 6. O-O b6 7. Nc3 Bb7 8. cxd5 exd5 9. Bf4 c5 10. Rc1 Na6 11. Qa4 Nc7 12. Rfd1 Ne6 13. Be5 {[%emt 0:03:07] White is slightly better.} c4 14. b3 Qe8 (14... cxb3 $14 15. Bxf6 (15. Qxb3 Ne4 $16) (15. axb3 a6 $14) 15... b2) 15. Qxe8 $16 Rfxe8 16. bxc4 dxc4 17. d5 (17. Nd2 $142 Bxg2 18. Kxg2) 17... Nf8 18. d6 Bd8 19. Nb5 {[%emt 0:14:26] White is much more active.} (19. a4 $16) 19... a6 $2 (19... Bxf3 $11 20. Bxf3 Rxe5) 20. Bxf6 (20. Nc7 $18 Bxc7 21. dxc7) 20... axb5 21. Bxd8 (21. d7 $16 Rxe2 (21... Bxf6 22. dxe8=N Rxe8 23. Nd4 $18) (21... Re6 $2 22. Nd4 $18) 22. Nd4 Bxg2 23. Nxe2) 21... Rexd8 $11 22. Ne5 Bxg2 23. Kxg2 Rac8 {[%emt 0:04:33] Dodges Nc6} 24. Rd5 f6 25. Nf3 Rc5 26. Rxc5 bxc5 {[%emt 0:00:06][%mdl 4096] Endgame. KRN-KRN} 27. a4 $1 b4 {[%emt 0:04:31] [#] ...c3 is the strong threat.} 28. Rxc4 Ne6 29. Nd2 Rxd6 30. Nb3 Ra6 {[%emt 0:00:57] The position is equal.} 31. f4 (31. Nxc5 $2 Rc6 32. Rxb4 Rxc5 33. Rb8+ Kf7 $19) (31. a5 $5) 31... f5 32. e4 (32. Nxc5 $2 {is the wrong capture.} Rc6 33. Rxb4 Rxc5 $19 (33... Nxc5 34. Rc4 $17)) 32... g6 33. exf5 (33. Nxc5 Rc6 34. Rxb4 Nxc5 (34... Rxc5 35. exf5 gxf5 36. h3 $17) 35. exf5 gxf5 $15) 33... gxf5 34. g4 (34. Nxc5 Rc6 35. Rxb4 Rxc5 $17) (34. a5 $5) 34... Rxa4 {[%emt 0:00:53] [#] White must now prevent ...Ra2+.} 35. gxf5 Ra2+ 36. Kf3 Nd4+ 37. Nxd4 cxd4 38. Rxb4 {[%emt 0:00:50] KR-KR} d3 39. h4 Rh2 40. Rd4 Rxh4 41. Ke4 Rh3 42. f6 Rh5 43. Rxd3 Kf7 44. Rd6 Ra5 45. Rd7+ Kxf6 46. Rxh7 Ra4+ 47. Kf3 Ra1 48. Rh6+ {[%emt 0:00:00] White really could win this.   Weighted Error Value: White=0.15 (very precise) /Black=0.14 (very precise) .  Loses game:     	---       	Black=1      Mistake:       	White=4     	Black=1      Inaccurate:     	---       	Black=2      OK:         	White=13    	Black=18     Best:        	White=1     	Black=2      Strong:       	White=1     	---} 1/2-1/2

[Event "German Bundesliga 2023-24"]
[Site "Germany"]
[Date "2024.03.16"]
[Round "12.7"]
[White "Geirnaert, Steven"]
[Black "Zwirs, Nico"]
[Result "1-0"]
[ECO "D36"]
[WhiteElo "2432"]
[BlackElo "2476"]
[Annotator "ChessBase"]
[PlyCount "267"]
[EventDate "2023.10.20"]
[EventType "team-tourn"]
[EventCountry "GER"]
[SourceTitle "playchess.com"]
[Source "ChessBase"]
[SourceQuality "1"]
[TimeControl "40/6000+30:3000+30"]

1. d4 d5 2. c4 e6 3. Nc3 Nf6 4. cxd5 exd5 5. Bg5 c6 6. e3 h6 7. Bh4 Be7 8. Bd3 O-O 9. Qc2 Re8 10. Nge2 Nbd7 11. f3 b5 12. O-O Nb6 13. Bf2 Bd7 14. Ng3 Rc8 15. Rad1 c5 16. dxc5 Bxc5 17. e4 Bf8 18. Qb1 dxe4 19. Ngxe4 Nxe4 20. Bxe4 Qf6 21. Kh1 Bc6 22. Bh7+ Kh8 23. Bd4 Qh4 24. Bf5 Rcd8 25. Ne4 Bxe4 26. Bxe4 Bd6 27. Bg1 Nc4 28. Rfe1 Be5 29. Bc6 Rxd1 30. Rxd1 Rc8 31. Qe4 Qxe4 32. Bxe4 Nxb2 33. Rd5 Bf6 34. Rxb5 g6 35. g3 Rc1 36. Kg2 Nc4 37. Bd5 Nd6 38. Rb8+ Kg7 39. Bxa7 Rc2+ 40. Kh3 Rd2 41. Bb3 g5 42. Bc5 h5 43. Bb4 Rd4 44. a4 Nf5 45. Kg2 Rd3 46. a5 Bd4 47. a6 Ne3+ 48. Kf2 Ng4+ 49. Ke2 Re3+ 50. Kd2 Nxh2 51. Bd5 Nxf3+ 52. Kc2 h4 53. gxh4 gxh4 54. Rb7 Ng5 55. a7 Bxa7 56. Rxa7 h3 57. Bd2 Rg3 58. Bf4 Rg4 59. Be5+ Kg6 60. Kd3 Rg1 61. Ke2 Rc1 62. Kf2 Rc2+ 63. Kg3 h2 64. Bg2 Kf5 65. Ba1 Kg6 66. Kxh2 f5 67. Ra4 Rd2 68. Bc3 Rc2 69. Bh8 Kh7 70. Ba1 Kg6 71. Kg3 Ne4+ 72. Kh3 Ng5+ 73. Kh2 Rd2 74. Bc3 Rc2 75. Bh8 Kh7 76. Bf6 Kg6 77. Bd8 Kh5 78. Kg1 Rc1+ 79. Bf1 Ne4 80. Kg2 Rc2+ 81. Kg1 Rc1 82. Kg2 Rc2+ 83. Kh3 Nf2+ 84. Kh2 Ng4+ 85. Kg1 Rc1 86. Bb6 Nh2 87. Kxh2 Rxf1 88. Be3 Rf3 89. Bf4 Rb3 90. Kg2 Rd3 91. Kf2 Rb3 92. Be3 Kg6 93. Kf3 Kf6 94. Kf4 Ke6 95. Ra6+ Kd5 96. Ra5+ Ke6 97. Re5+ Kd6 98. Kxf5 Rd3 99. Bc5+ Kc6 100. Ke4 Rd1 101. Be3 Kd6 102. Rh5 Kc6 103. Ra5 Rh1 104. Ra6+ Kb5 105. Rb6+ Kc4 106. Rc6+ Kb5 107. Rc7 Rh4+ 108. Kd3 Rh5 109. Rb7+ Kc6 110. Rb6+ Kc7 111. Rg6 Rh4 112. Bd4 Kd7 113. Kc4 Rh5 114. Bc5 Rh4+ 115. Kb5 Rh7 116. Ra6 Ke8 117. Kc4 Rh5 118. Ra7 Rf5 119. Re7+ Kd8 120. Bd6 Rf1 121. Rh7 Rd1 122. Kc5 Ke8 123. Kc6 Re1 124. Kd5 Kd8 125. Be5 Kc8 126. Ke6 Rc1 127. Ra7 Rc2 128. Bd6 Rc1 129. Kd5 Rc2 130. Bc5 Kb8 131. Rg7 Re2 132. Kc6 Re6+ 133. Bd6+ Ka8 134. Rg1 1-0

[Event "German Bundesliga 2023-24"]
[Site "Germany"]
[Date "2024.03.16"]
[Round "12.8"]
[White "Sebastian, Dirk"]
[Black "Baerwinkel, Tobias"]
[Result "1/2-1/2"]
[ECO "B90"]
[WhiteElo "2432"]
[BlackElo "2306"]
[Annotator "TA"]
[PlyCount "76"]
[EventDate "2023.10.20"]
[EventType "team-tourn"]
[EventCountry "GER"]
[SourceTitle "playchess.com"]
[Source "ChessBase"]
[SourceQuality "1"]
[TimeControl "40/6000+30:3000+30"]

1. e4 c5 2. Nf3 d6 3. d4 cxd4 4. Nxd4 Nf6 5. Nc3 a6 6. h3 e5 7. Nde2 h5 8. g3 Be7 9. Be3 Nbd7 10. a4 Nc5 11. Bg2 Bd7 12. b4 Ne6 13. a5 O-O 14. O-O Rc8 15. Qd3 Qc7 16. f4 Rfe8 17. Rad1 Nf8 18. Rd2 Qc4 19. Rb1 Ng6 20. f5 Nf8 21. b5 axb5 22. Nxb5 Qa2 23. Nbc3 Qxa5 24. Rxb7 Rc7 25. Rb3 {[%emt 0:04:13] Und Bb6 würde nun gewinnen.} Qa8 26. Bf3 (26. Kh2 $11) 26... Bc6 (26... Bxf5 $17 27. Nd5 Qxd5 28. exd5 Bxd3 29. cxd3 N8d7) 27. g4 $11 hxg4 28. hxg4 N6h7 29. Ng3 Ng5 30. Bg2 {[%emt 0:01:07] Aktives Gegenspiel!} Rb8 31. Rf2 Rcb7 32. Rxb7 $1 Qxb7 33. Nh5 Nfh7 34. Rf1 {[%emt 0:00:59] Die Stellung ist ausgeglichen.} Qc7 35. Ra1 Ra8 36. Rb1 Rb8 37. Ra1 Ra8 38. Rb1 Rb8 {[%emt 0:02:07] Gewichteter Fehlerwert: Weiß=0.11 (sehr präzise) /Schwarz=0.09 (makellos) .  Fehler:       	Weiß=1     	Schwarz=1     Ungenau:       	Weiß=3     	Schwarz=3     OK:         	Weiß=8     	Schwarz=15    Bester:       	Weiß=1     	Schwarz=1     Stark:        	Weiß=1     	---} 1/2-1/2

[Event "German Bundesliga 2023-24"]
[Site "Germany"]
[Date "2024.03.16"]
[Round "12.8"]
[White "Rafiee, Makan"]
[Black "Wegerle, Joerg"]
[Result "1/2-1/2"]
[ECO "B32"]
[WhiteElo "2279"]
[BlackElo "2405"]
[Annotator "TA"]
[PlyCount "43"]
[EventDate "2023.10.20"]
[EventType "team-tourn"]
[EventCountry "GER"]
[SourceTitle "playchess.com"]
[Source "ChessBase"]
[SourceQuality "1"]
[TimeControl "40/6000+30:3000+30"]

1. e4 c5 2. Nf3 Nc6 3. d4 cxd4 4. Nxd4 e5 5. Nb5 a6 6. Nd6+ Bxd6 7. Qxd6 Qe7 8. Qxe7+ Ngxe7 9. Bd2 d5 10. Nc3 Be6 11. exd5 Nxd5 12. Nxd5 Bxd5 {[%emt 0:00:16] White has an edge.} 13. O-O-O O-O-O 14. Bc3 f6 {[%emt 0:07:03] The position is equal.} 15. Be2 Kc7 (15... Bxa2 $2 16. b3 $18) (15... Bxg2 16. Rhg1 Rxd1+ 17. Bxd1 $16) 16. Rd2 Be4 (16... Bxa2 $2 {loses.} 17. Rxd8 Rxd8 18. b3 $18) ({But not} 16... Bxg2 $6 17. Rg1 Rxd2 18. Bxd2 $16) 17. f3 Rxd2 18. Kxd2 Rd8+ 19. Kc1 Bg6 20. Rd1 Nd4 21. Rd2 Nxe2+ 22. Rxe2 {[%emt 0:00:10] An uneventful encounter.   Weighted Error Value: White=0.04 (flawless) /Black=0.01 (flawless) .  OK:         	White=3     	Black=7} 1/2-1/2

[Event "German Bundesliga 2023-24"]
[Site "Germany"]
[Date "2024.03.16"]
[Round "12.8"]
[White "Lutz, Ruben"]
[Black "Buhmann, Rainer"]
[Result "1/2-1/2"]
[ECO "D55"]
[WhiteElo "2250"]
[BlackElo "2568"]
[Annotator "RC"]
[PlyCount "80"]
[EventDate "2023.10.20"]
[EventType "team-tourn"]
[EventCountry "GER"]
[SourceTitle "playchess.com"]
[Source "ChessBase"]
[SourceQuality "1"]
[TimeControl "40/6000+30:3000+30"]

1. d4 d5 2. c4 e6 3. Nf3 Nf6 4. Nc3 Be7 5. Bg5 O-O 6. e3 b6 7. h4 Bb7 8. h5 Ne4 9. Bxe7 Qxe7 10. Bd3 Nxc3 11. bxc3 dxc4 12. Bxc4 Nd7 13. Qc2 c5 14. Bd3 h6 15. e4 Rac8 16. Qd2 cxd4 17. cxd4 Qa3 18. O-O Nf6 19. Rfe1 Rc3 20. Rad1 Nxh5 21. d5 exd5 22. Nd4 Rxd3 23. Qxd3 Qxd3 24. Rxd3 dxe4 25. Rc3 Bd5 26. a4 Kh7 27. Rc7 a6 28. Rb1 b5 29. axb5 axb5 30. Rxb5 Nf6 31. Rb6 Rd8 32. Nf5 Ra8 33. Rb1 Be6 34. Nd6 Nd5 35. Rc5 e3 36. fxe3 Nxe3 37. Re1 Nd5 38. Rd1 Ne3 39. Re1 Nd5 40. Rd1 Ne3 1/2-1/2